 Dungeon Crawl Stone Soup version 0.29.1-2-gbd0b4ee654 (webtiles) character file.

Game seed: 14365522289503544620

95 Icepheonix32 the Insei (level 4, 0/28 HPs)
             Began as an Octopode Transmuter on Nov 18, 2022.
             Slain by Natasha (9 damage)
             ... on level 3 of the Dungeon.
             The game lasted 00:03:15 (2598 turns).

Icepheonix32 the Insei (Octopode Transmuter)        Turns: 2598, Time: 00:03:15

Health: 0/28       AC:  1    Str:  9    XL:     4   Next: 65%
Magic:  6/7        EV: 14    Int: 17    God:
Gold:   123        SH:  0    Dex: 18    Spells: 1/7 levels left

rFire   . . .      SeeInvis .     - Unarmed
rCold   . . .      Faith    .   (no shield)
rNeg    . . .      Spirit   .   (helmet currently unavailable)
rPois   .          Reflect  .   (no amulet)
rElec   .          Harm     .   f - +6 ring of dexterity
rCorr   .          Rampage  .   (no ring)
Will    .....                   (no ring)
Stlth   +++.......              (no ring)
HPRegen 0.09/turn               (no ring)
MPRegen 0.10/turn               (no ring)
                                (no ring)
                                (no ring)

@: appendages (expiring)
A: tentacle spike 3, almost no armour, amphibious, 8 rings, camouflage 1,
gelatinous body 1, (nimble swimmer 1), tentacles
a: End Transformation


You were on level 3 of the Dungeon.
One of your tentacles had grown a beastly spike.
You visited 1 branch of the dungeon, and saw 3 of its levels.

You collected 123 gold pieces.

Inventory:

Missiles
 e - a throwing net
 i - 5 curare-tipped darts
Jewellery
 f - a +6 ring of dexterity (left tentacle)
Scrolls
 g - 2 scrolls of teleportation
Potions
 a - a potion of lignification
 b - 2 potions of brilliance {unknown}
 c - a potion of invisibility
 d - 3 potions of curing
 h - a potion of mutation {unknown}


   Skills:
 - Level 1.0 Fighting
 * Level 2.7 Dodging
 + Level 3.9 Unarmed Combat
 - Level 2.0 Spellcasting
 * Level 3.2 Transmutations
 * Level 1.0 Poison Magic


You had one spell level left.
You knew the following spells:

 Your Spells              Type           Power      Damage    Failure   Level
a - Beastly Appendage     Tmut           24%        N/A       5%          1
b - Spider Form           Tmut/Pois      8%         N/A       24%         3
c - Wereblood             Tmut           12%        N/A       8%          2

Your spell library contained the following spells:

 Spells                   Type           Power      Damage    Failure   Level
 Blink                    Tloc           2%         N/A       28%         2
 Confusing Touch          Hex            1%         N/A       50%         3
 Gell's Gravitas          Tloc           1%         N/A       50%         3
 Lesser Beckoning         Tloc           1%         N/A       50%         3
 Teleport Other           Tloc           1%         N/A       50%         3
 Ice Form                 Ice/Tmut       7%         N/A       69%         4
 Yara's Violent Unravell  Hex/Tmut       3%         3d4       95%         5
 Manifold Assault         Tloc           1%         N/A       99%         5
 Enfeeble                 Hex            0%         N/A       100%        7


Dungeon Overview and Level Annotations

Branches:
Dungeon (3/15)

Altars:

Annotations:
D:3 Natasha


Innate Abilities, Weirdness & Mutations

One of your tentacles has grown a beastly spike.
You cannot wear most types of armour.
You are amphibious.
You can wear up to eight rings at the same time.
Your skin changes colour to match your surroundings (Stealth+).
Your rubbery body absorbs attacks. (AC +1, EV +1)
((You are camouflaged when in or above water. (Stealth+)))
You have tentacles for arms and can constrict up to eight enemies at once.


Message History

No target in view!
Casting: Beastly Appendage (safe; 5% risk of failure)
Confirm with . or Enter, or press ? or * to list all spells.
Okay, then.
Okay, then.
g - 2 scrolls of teleportation (gained 1)
Found a stone staircase leading up.
You open the door.
There is an open door here.
You pick up a book of Displacement and begin reading...
You add the spells Gell's Gravitas and Teleport Other to your library.
No target in view!
You open the door.
There is an open door here.
Natasha, Servant of Life and Death comes into view.
Found a potion of curing.
Found an escape hatch in the ceiling.
Natasha hisses angrily.
Natasha claws you but does no damage.
One of your tentacles grows a vicious spike.
Natasha claws you but does no damage.
You tentacle-slap Natasha. Your grab misses Natasha.
Your squeeze misses Natasha.
Natasha is moderately wounded.
Natasha drinks a potion.
Natasha flickers and vanishes!
Deactivating autopickup; reactivate with Ctrl-A.
No target in view!
No target in view!
You tentacle-slap something but do no damage.
Your squeeze misses something. Something claws you.
You tentacle-slap something.
Your tentacle spike misses something.
You squeeze something.
Your transformation is almost over.
You barely miss something.
Your tentacle spike misses something.
Something claws you!
You barely miss something. Something claws you.
You barely miss something. Your squeeze misses something. Something claws you!
You closely miss something.
Your tentacle spike misses something.
Something barely misses you.
You barely miss something. Your squeeze misses something. Something claws you!
You die...

###.# ###.#. #.# #.#.
#.# ### #... #.# #..
#.#. #.# #.# #... #.#
#.# ####
#######.########.####
....
....................#
####
####.#....######@##.#
##....## #{# ###.##
#!# #.# #.. #.......#
#.# ##< #.......# #+#
.# #.......# ..
.......# .. .......
#....


There were no monsters in sight!

Vanquished Creatures
  3 adders
  A worm (D:2)
  3 dart slugs
  3 orcs (D:3)
  10 bats
  4 endoplasms
  7 goblins
  4 hobgoblins
  3 quokkas
  9 ball pythons
  A frilled lizard (D:1)
  3 kobolds
  4 rats
55 creatures vanquished.

Notes
Turn   | Place    | Note
-------+----------+-------------------------------------------
     0 | D:1      | Icepheonix32 the Octopode Transmuter began the quest for
                  | the Orb.
     0 | D:1      | Reached XP level 1. HP: 13/13 MP: 3/3
   147 | D:1      | Reached XP level 2. HP: 18/18 MP: 3/5
   654 | D:1      | Reached XP level 3. HP: 23/23 MP: 4/6
   663 | D:1      | Learned a level 3 spell: Spider Form
   666 | D:1      | Learned a level 2 spell: Wereblood
   874 | D:1      | Found a faded altar of an unknown god.
  1662 | D:2      | Reached XP level 4. HP: 26/28 MP: 5/7
  2307 | D:3      | Reached skill level 1 in Poison Magic
  2588 | D:3      | Noticed Natasha
  2598 | D:3      | Slain by Natasha

Illustrated notes

Levels and vault maps discovered:
D:1:      psy_arrival_conway, layout_rooms, shapermc_ecumenical_altar_gd
D:2:      layout_loops_cross
D:3:      layout_loops_corners, lemuel_tele_altar, serial_bayou,
          serial_bayou_pond_e, serial_bayou_pond_e, serial_bayou_pond_d,
          serial_bayou_ford_a, minmay_surrounded, uniq_natasha

Skill      XL: |  1  2  3  4 |
---------------+-------------+-----
Transmutations | 3 |  3.2
Poison Magic   | 1 |  1.0
Fighting       | |  1.0
Dodging        | |  2.7
Unarmed Combat | |  3.9
Spellcasting   | |  2.0

Action                   |  1- 3 |  4- 6 || total
-------------------------+-------+-------++-------
Melee: Unarmed           |    72 |    31 ||   103
       Constrict         |    26 |    10 ||    36
       Kick              |    18 |    10 ||    28
       Tentacles         |     8 |     4 ||    12
       Punch             |       |     3 ||     3
 Cast: Beastly Appendage |    20 |     8 ||    28
       Wereblood         |       |     1 ||     1
  Use: Scroll            |       |     5 ||     5
 Stab: Sleeping          |    10 |     1 ||    11
Armor: Skin              |     7 |     4 ||    11
Dodge: Dodged            |    47 |    14 ||    61
